 Dungeon Crawl Stone Soup version 0.28.0-45-g0d030f2227 (webtiles) character file.

Game seed: 14105317976919812420

577 seaoflcl the Skirmisher (level 6, -4/53 HPs)
             Began as a Demigod Fighter on Apr 24, 2022.
             Slain by a black bear (5 damage)
             ... on level 5 of the Dungeon.
             The game lasted 00:09:00 (5480 turns).

seaoflcl the Skirmisher (Demigod Fighter)           Turns: 5480, Time: 00:09:02

Health: -4/53      AC: 15    Str: 21    XL:     6   Next: 88%
Magic:  17/17      EV:  6    Int: 10    God:
Gold:   275        SH:  5    Dex: 17    Spells: 5/5 levels left

rFire   . . .      SeeInvis .   s - +1 flail (pain)
rCold   . . .      Faith    .   c - +0 buckler
rNeg    . . .      Spirit   .   m - +0 plate armour
rPois   +          Reflect  .   w - +0 helmet
rElec   .          Harm     .   x - +0 cloak
rCorr   .          Rampage  .   (no gloves)
Will    .....                   j - +0 pair of boots
Stlth   ..........              (no amulet)
HPRegen 0.17/turn               r - ring of poison resistance
MPRegen 0.15/turn               d - ring of magical power

@: no status effects
A: high MP 1, forlorn, divine attributes
a: no special abilities


You were on level 5 of the Dungeon.
You visited 1 branch of the dungeon, and saw 5 of its levels.

You collected 275 gold pieces.

Inventory:

Hand Weapons
 a - a +0 long sword
 p - a +1 hand axe of distortion
 s - a +1 flail of pain (weapon)
Armour
 c - a +0 buckler (worn)
 j - a +0 pair of boots (worn)
 m - a +0 plate armour (worn)
 o - the +1 robe of the Old and Reckless {+Inv rC+ Will+ SInv}
   (You found it on level 3 of the Dungeon)

   rC:        It protects you from cold.
   SInv:      It lets you see invisible.
   +Inv:      It lets you turn invisible.
   Will:      It increases your willpower.
 w - a +0 helmet (worn)
 x - a +0 cloak (worn)
Jewellery
 d - a ring of magical power (right hand)
 r - a ring of poison resistance (left hand)
Wands
 u - a wand of acid (7)
Scrolls
 b - a scroll of amnesia
 e - a scroll of magic mapping
 f - 2 scrolls of enchant armour {unknown}
 g - a scroll of fog {unknown}
 k - 3 scrolls of enchant weapon
 l - 4 scrolls of teleportation
 t - a scroll of fear {unknown}
 v - a scroll of brand weapon {unknown}
Potions
 i - a potion of attraction {unknown}
 n - a potion of mutation {unknown}
 q - 2 potions of flight


   Skills:
 * Level 4.4 Fighting
 - Level 3.2 Long Blades
 * Level 1.9 Maces & Flails
 * Level 4.1 Armour
 - Level 0.9 Dodging
 * Level 4.2 Shields


You had 5 spell levels left.
You didn't know any spells.
Your spell library contained the following spells:

 Spells                   Type           Power      Damage    Failure   Level
 Summon Guardian Golem    Hex/Summ       0%         N/A       100%        3
 Cause Fear               Hex            0%         N/A       100%        4
 Dragon Form              Tmut           0%         N/A       100%        7
 Orb of Destruction       Conj           0%         9d5       100%        7
 Spellforged Servitor     Conj/Summ      0%         N/A       100%        7
 Dragon's Call            Summ           0%         N/A       100%        9


Dungeon Overview and Level Annotations

Branches:
Dungeon (5/15)
 Temple: D:4-7


Innate Abilities, Weirdness & Mutations

You have an increased reservoir of magic. (+10% MP)
You shall have no god before yourself.
Your divine heritage dramatically boosts your attributes as you level up.


Message History

You hit the black bear.
The black bear is almost dead.
You block the rat's attack. The black bear bites you.
The black bear claws you but does no damage.
The black bear claws you. The rat closely misses you. The black bear bites you.
The black bear barely misses you.
The black bear claws you but does no damage.
You hit the black bear.
The black bear is almost dead.
The giant cockroach waves its antennae.
The black bear bites you!
* * * LOW HITPOINT WARNING * * *
The black bear claws you.
* * * LOW HITPOINT WARNING * * *
You block the black bear's attack. The rat bites you but does no damage.
You block the black bear's attack.
The black bear claws you but does no damage.
The black bear closely misses you.
You feel better. You block the black bear's attack.
The black bear claws you but does no damage. x2
The rat bites you but does no damage.
You barely miss the black bear.
The black bear is almost dead.
You block the black bear's attack.
The black bear claws you but does no damage. x2
The rat barely misses you. The black bear bites you!
* * * LOW HITPOINT WARNING * * *
You block the black bear's attack.
The black bear claws you but does no damage.
Unknown command.
Unknown command.
Unknown command.
You hit the black bear.
The black bear is almost dead.
The black bear bites you but does no damage.
The black bear claws you but does no damage. x2
You block the rat's attack.
The black bear bites you but does no damage.
The black bear claws you.
You die...

.....# ....# # ....#.###
##...#.... #.......#.
#.....##.. #####.B..#...#
##...##hr..$...
###.....#@..##...
#...........# .... ...!..
##........................
#....#........#......#....
##...#....###.# ..#.#....
####....!.....# .......$.
#.....##.# .#..........
##...#.####. .... #....
#....#...........###..<.


You could see a black bear (berserk), a giant cockroach and a rat.

Vanquished Creatures
  A steam dragon (D:4)
  A centaur (D:4)
  A kobold brigand (D:3)
  A jelly (D:4)
  An orc priest (D:3)
  2 iguanas (D:4)
  A gnoll (D:4)
  7 adders
  3 worms
  16 orcs
  9 ball pythons
  4 endoplasms
  A giant cockroach (D:1)
  6 hobgoblins
  5 jackals
  10 kobolds
  6 quokkas
  6 bats
  14 goblins
  10 rats
105 creatures vanquished.

Notes
Turn   | Place    | Note
-------+----------+-------------------------------------------
     0 | D:1      | seaoflcl the Demigod Fighter began the quest for the Orb.
     0 | D:1      | Reached XP level 1. HP: 18/18 MP: 3/3
   280 | D:1      | Reached XP level 2. HP: 25/25 MP: 4/4
  1491 | D:2      | Reached XP level 3. HP: 31/31 MP: 5/5
  2501 | D:2      | Reached XP level 4. HP: 38/38 MP: 6/6
  3151 | D:3      | Identified the +1 robe of the Old and Reckless {+Inv rC+
                  | Will+ SInv}
  3386 | D:3      | Noticed a kobold brigand
  3406 | D:3      | Killed a kobold brigand
  3407 | D:3      | Reached XP level 5. HP: 34/46 MP: 7/7
  4243 | D:4      | Noticed a steam dragon
  4261 | D:4      | Killed a steam dragon
  4262 | D:4      | Reached skill level 1 in Maces & Flails
  4262 | D:4      | Reached XP level 6. HP: 27/52 MP: 8/8
  5125 | D:5      | Entered Level 5 of the Dungeon
  5479 | D:5      | HP: 1/53 [black bear (10)]
  5480 | D:5      | Slain by a black bear

Illustrated notes

Levels and vault maps discovered:
D:1:      dpeg_arrival_subterranean_lakeside_camping, layout_loops_corners,
          ebering_ecumenical_altar_box, minmay_pentomino_o2
D:2:      layout_basic, kennysheep_flooded_box
D:3:      cheibrodos_thug_alley, layout_rooms
D:4:      layout_rooms, st_stairs_13, minmay_cut_off
D:5:      layout_cave_pools, minmay_temple_entry_large_hall,
          portal_sewer_entry_b, uniq_eustachio

Skill      XL: |  1  2  3  4  5  6 |
---------------+-------------------+-----
Long Blades    | 2 3 |  3.2
Fighting       | 3 4 |  4.4
Shields        | 3 4 |  4.2
Armour         | 3 4 |  4.1
Maces & Flails | 1 |  1.9
Dodging        | |  0.9

Action                   |  1- 3 |  4- 6 || total
-------------------------+-------+-------++-------
Melee: Long sword        |   157 |   110 ||   267
       Flail             |       |   117 ||   117
  Use: Potion            |       |     6 ||     6
       Scroll            |       |     6 ||     6
Armor: Scale mail        |    61 |       ||    61
       Plate armour      |    14 |   244 ||   258
Dodge: Dodged            |    59 |    83 ||   142
Block: Buckler           |    39 |    98 ||   137
